 Dungeon Crawl Stone Soup version 0.21.1-1-g345015f (webtiles) character file.

33 tidbits the Grave Robber (level 3, -11/25 HPs)
             Began as a Gnoll Necromancer on June 26, 2018.
             Mangled by an ogre
             ... wielding a +0 giant club
              (24 damage)
             ... on level 5 of the Dungeon.
             The game lasted 00:03:24 (335 turns).

tidbits the Grave Robber (Gnoll Necromancer)         Turns: 335, Time: 00:03:25

Health: -11/25     AC:  2    Str: 10    XL:     3   Next: 29%
Magic:  7/18       EV: 14    Int: 18    God:
Gold:   69         SH:  0    Dex: 15    Spells: 11/12 levels left

rFire    . . .     SeeInvis .   a - +0 dagger
rCold    . . .     Gourm    .   (no shield)
rNeg     . . .     Faith    .   d - +0 robe
rPois    .         Spirit   .   (no helmet)
rElec    .         Reflect  .   (no cloak)
rCorr    .         Harm     .   (no gloves)
MR       .....                  (no boots)
Stlth    +++.......             l - amulet of magic regeneration (curse)
HPRegen  0.08/turn              o - ring of magical power
MPRegen  0.41/turn              (no ring)

@: no status effects
A: distributed training, fangs 1, strong nose
a: no special abilities


You were on level 5 of the Dungeon.
You were not hungry.

You visited 1 branch of the dungeon, and saw 6 of its levels.

You collected 69 gold pieces.

Inventory:

Hand Weapons
 a - a +0 dagger (weapon)
Missiles
 g - 43 arrows
 n - 11 poisoned needles
Armour
 d - a +0 robe (worn)
Jewellery
 l - a cursed amulet of magic regeneration (around neck)
   (You found it on level 6 of the Dungeon)
 o - a ring of magical power (left hand)
   (You found it on level 7 of the Dungeon)
Scrolls
 f - a scroll of identify {unknown}
 i - a scroll of enchant weapon {unknown}
 j - a scroll of amnesia {unknown}
 m - a scroll of remove curse {unknown}
Potions
 e - a potion of curing {unknown}
 h - a potion of resistance {unknown}
 k - a potion of flight {unknown}
Books
 b - a book of Necromancy

   Spells                             Type                      Level
   a - Pain                           Necromancy                   1
   b - Animate Skeleton               Necromancy                   1
   c - Vampiric Draining              Necromancy                   3
   d - Regeneration                   Charms/Necromancy            3
   e - Animate Dead                   Necromancy                   4
   f - Borgnjor's Vile Clutch         Necromancy/Earth             5
Comestibles
 c - 3 rations


   Skills:
 + Level 0.7 Fighting
 + Level 0.7 Short Blades
 + Level 0.7 Long Blades
 + Level 0.7 Axes
 + Level 0.7 Maces & Flails
 + Level 0.7 Polearms
 + Level 0.7 Staves
 + Level 0.7 Slings
 + Level 0.7 Bows
 + Level 0.7 Crossbows
 + Level 0.7 Throwing
 + Level 0.7 Armour
 + Level 4.5 Dodging
 + Level 4.1 Stealth
 + Level 0.7 Shields
 + Level 0.7 Unarmed Combat
 + Level 5.0 Spellcasting
 + Level 0.5 Conjurations
 + Level 0.5 Hexes
 + Level 0.5 Charms
 + Level 0.5 Summonings
 + Level 7.1 Necromancy
 + Level 0.5 Translocations
 + Level 0.5 Transmutations
 + Level 0.5 Fire Magic
 + Level 0.5 Ice Magic
 + Level 0.5 Air Magic
 + Level 0.5 Earth Magic
 + Level 0.5 Poison Magic
 + Level 0.9 Invocations
 + Level 0.7 Evocations


You had 11 spell levels left.
You knew the following spells:

 Your Spells              Type           Power        Failure   Level  Hunger
a - Pain                  Necr           ####         1%          1    None


Dungeon Overview and Level Annotations

Branches:
Dungeon (7/15)
 Temple: D:4-7

Altars:
Elyvilon
Gozag

Annotations:
D:7 Prince Ribbit


Innate Abilities, Weirdness & Mutations

Your experience applies equally to all skills.
You have very sharp teeth.
Your uncanny sense of smell can sniff out nearby items.


Message History

Found 19 stones.
Found a scroll labeled NOAGIACEUD.
You see here a large citrine amulet.
l - a large citrine amulet Put on which piece of jewellery? (? for menu, Esc to quit)
You sense that the amulet cannot attune itself to your exhausted body.
Oops, that amulet feels deathly cold.
l - a cursed amulet of magic regeneration (around neck) Saving game... please wait.
Welcome back, tidbits the Gnoll Necromancer.
Press ? for a list of commands and other information.
Found 20 stones.
Found 6 gold pieces.
You see here a scroll labeled NOAGIACEUD.
m - a scroll labeled NOAGIACEUD
Found 12 gold pieces.
You see here 6 gold pieces.
You now have 57 gold pieces (gained 6).
You see here 12 gold pieces.
You now have 69 gold pieces (gained 12).
Your amulet attunes itself to your body and you begin to regenerate magic more quickly.
Found two stone staircases leading down and a stone staircase leading up.
Found 10 gold pieces.
Unknown command.
There is a stone staircase leading down here.
You climb downwards.
There is a stone staircase leading up here.
Unknown command.
There is a stone staircase leading up here.
You climb upwards.
There is a stone staircase leading down here.
Unknown command.
There is a stone staircase leading down here.
You climb downwards.
An orc and a wight come into view.
The wight is wielding a falchion of freezing.
Found a shiny garnet ring, a cloak and a scroll labeled NOAGIACEUD.
There is a stone staircase leading up here.
Prince Ribbit comes into view.
Prince Ribbit croaks.
Found a white marble altar of Elyvilon.
Things that are here:
a shiny garnet ring; 11 poisoned needles
n - 11 poisoned needles;
o - a shiny garnet ring The orc shouts!
There is a stone staircase leading up here.
Prince Ribbit blinks!
You climb upwards.
There is a stone staircase leading down here.
Unknown command.
Put on which piece of jewellery? (? for menu, Esc to quit)
You feel your magic capacity increase.
o - a ring of magical power (left hand)
There is a stone staircase leading up here.
You climb upwards.
You hear the hiss of flowing sand.
There is an entrance to an ossuary on this level.
Hurry and find it before the portal is buried!
An ogre comes into view. It is wielding a giant club.
The ogre shouts!
Found a scroll labeled NOAGIACEUD and 11 gold pieces.
Found an opulent altar of Gozag.
There is a stone staircase leading down here.
Casting: Pain
Confirm with . or Enter, or press ? or * to list all spells.
Aiming: Pain
Press: ? - help, Shift-Dir - straight line, f - ogre
Aim: an ogre, wielding a giant club (chance to defeat MR: 84%)
The ogre writhes in agony!
Casting: Pain
Confirm with . or Enter, or press ? or * to list all spells.
Aiming: Pain
Press: ? - help, Shift-Dir - straight line, f/p - ogre
Aim: an ogre, wielding a giant club (lightly wounded, chance to defeat MR: 84%)
The ogre writhes in agony!
Casting: Pain
Confirm with . or Enter, or press ? or * to list all spells.
Aiming: Pain
Press: ? - help, Shift-Dir - straight line, f/p - ogre
Aim: an ogre, wielding a giant club (moderately wounded, chance to defeat MR: 84%)
The ogre writhes in agony!
Casting: Pain
Confirm with . or Enter, or press ? or * to list all spells.
Aiming: Pain
Press: ? - help, Shift-Dir - straight line, f/p - ogre
Aim: an ogre, wielding a giant club (heavily wounded, chance to defeat MR: 84%)
The ogre barely resists.
Casting: Pain
Confirm with . or Enter, or press ? or * to list all spells.
Aiming: Pain
Press: ? - help, Shift-Dir - straight line, f/p - ogre
Aim: an ogre, wielding a giant club (heavily wounded, chance to defeat MR: 84%)
The ogre writhes in agony!
Casting: Pain
Confirm with . or Enter, or press ? or * to list all spells.
Aiming: Pain
Press: ? - help, Shift-Dir - straight line, f/p - ogre
Aim: an ogre, wielding a giant club (heavily wounded, chance to defeat MR: 84%)
The ogre writhes in agony!
The ogre hits you with a giant club!!
Ouch! That really hurt!
You die...

###########
#..........
#..@O..#
........?...$$$
#...........$_$
..#####...#.$$$
# ##.## ### ##


You could see an ogre.

Vanquished Creatures
  2 adders (D:3)
  A giant cockroach (D:1)
  3 goblins
  3 hobgoblins
  3 kobolds
  A bat (D:2)
  3 rats (D:1)
16 creatures vanquished.

Notes
Turn   | Place    | Note
-------+----------+-------------------------------------------
     0 | D:1      | tidbits the Gnoll Necromancer began the quest for the Orb.
     0 | D:1      | Reached XP level 1. HP: 13/13 MP: 6/6
    88 | D:2      | Reached XP level 2. HP: 12/19 MP: 3/7
   190 | D:3      | Reached skill level 5 in Spellcasting
   190 | D:3      | Reached XP level 3. HP: 12/25 MP: 4/9
   222 | D:3      | You fall through a shaft for 3 floors!
   319 | D:7      | Found a white marble altar of Elyvilon.
   319 | D:7      | Noticed Prince Ribbit
   329 | D:5      | Entered Level 5 of the Dungeon
   329 | D:5      | Found an opulent altar of Gozag.
   329 | D:5      | Noticed an ogre
   335 | D:5      | Mangled by an ogre

Skill      XL: |  1  2 |
---------------+-------+-----
Spellcasting   | 5 |  5.0
Fighting       | |  0.7
Short Blades   | |  0.7
Long Blades    | |  0.7
Axes           | |  0.7
Maces & Flails | |  0.7
Polearms       | |  0.7
Staves         | |  0.7
Slings         | |  0.7
Bows           | |  0.7
Crossbows      | |  0.7
Throwing       | |  0.7
Armour         | |  0.7
Dodging        | |  4.5
Stealth        | |  4.1
Shields        | |  0.7
Unarmed Combat | |  0.7
Conjurations   | |  0.5
Hexes          | |  0.5
Charms         | |  0.5
Summonings     | |  0.5
Necromancy     | |  7.1
Translocations | |  0.5
Transmutations | |  0.5
Fire Magic     | |  0.5
Ice Magic      | |  0.5
Air Magic      | |  0.5
Earth Magic    | |  0.5
Poison Magic   | |  0.5
Invocations    | |  0.9
Evocations     | |  0.7

Action                   || total
-------------------------++-------
Melee: Dagger            ||     2
 Cast: Pain              ||    28
 Stab: Sleeping          ||     2
Dodge: Dodged            ||     1

Table legend:
 A = Turns spent in this place as a percentage of turns spent in the entire game.
 B = Non-inter-level travel turns spent in this place as a percentage of non-inter-level travel turns spent in the entire game.
 C = Inter-level travel turns spent in this place as a percentage of turns spent in this place.
 D = Turns resting spent in this place as a percentage of non-inter-level travel turns spent in this place.
 E = Turns spent auto-exploring this place as a percentage of non-inter-level travel turns spent in this place.
 F = Non-inter-level travel turns spent in this place divided by the number of levels of this place that you've seen.
                   A       B       C       D       E      F
               +-------+-------+-------+-------+-------+----------------------
         Total | 100.0 | 100.0 |   0.0 |   0.0 |   0.0 |  55.8
       Dungeon | 100.0 | 100.0 |   0.0 |   0.0 |   0.0 |  55.8
               +-------+-------+-------+-------+-------+----------------------

Table legend:
 A = Kills in this place as a percentage of kills in entire the game.
 B = Kills by you in this place as a percentage of kills by you in the entire game.
 C = Kills by friends in this place as a percentage of kills by friends in the entire game.
 D = Other kills in this place as a percentage of other kills in the entire game.
 E = Experience gained in this place as a percentage of experience gained in the entire game.
 F = Experience gained in this place divided by the number of levels of this place that you have seen.
                   A       B       C       D       E      F
               +-------+-------+-------+-------+-------+----------------------
         Total | 100.0 | 100.0 |   N/A |   N/A | 100.0 |   8.0
       Dungeon | 100.0 | 100.0 |   N/A |   N/A | 100.0 |   8.0
               +-------+-------+-------+-------+-------+----------------------

Vault maps used:
D:1:      onia_arrival_handbag
D:5:      nicolae_gozag_seed_capital, nicolae_ossuary_entry_giza, first_ration,
          minmay_hollow_rounded_squares, uniq_duvessa
D:6:      kennysheep_mini, nemelex_xobeh_ov_fountains_minmay,
          minmay_temple_entry_statues
D:7:      lemuel_round_altar, uniq_prince_ribbit1
